 Seeded DCSS version 0.28-a0-1182-g381e24db82 (webtiles) character file.

Game seed: 20211217 (custom seed)

44 a11behringer the Shield-Bearer (level 3, -2/29 HPs)
             Began as a Formicid Fighter on Dec 17, 2021.
             Slain by an ogre (15 damage)
             ... on level 2 of the Dungeon.
             The game lasted 00:03:25 (1209 turns).

a11behringer the Shield-Bearer (Formicid Fighter)   Turns: 1209, Time: 00:03:25

Health: -2/29      AC:  8    Str: 22    XL:     3   Next: 85%
Magic:  3/3        EV:  9    Int:  7    God:
Gold:   62         SH:  4    Dex: 10    Spells: 2/2 levels left

rFire   . . .      SeeInvis +   a - +0 war axe
rCold   . . .      Faith    .   c - +0 buckler
rNeg    . . .      Spirit   .   b - +0 scale mail
rPois   .          Reflect  .   (helmet unavailable)
rElec   .          Harm     .   (no cloak)
rCorr   .          Rampage  .   (no gloves)
Will    .....                   j - +0 pair of boots
Stlth   ..........              g - amulet of the acrobat
HPRegen 0.09/turn               (no ring)
MPRegen 0.08/turn               (no ring)

@: mighty
A: permanent stasis, dig shafts and tunnels, antennae 3, four strong arms
a: Dig, Shaft Self


You were on level 2 of the Dungeon.
You visited 1 branch of the dungeon, and saw 2 of its levels.

You collected 62 gold pieces.

Inventory:

Hand Weapons
 a - a +0 war axe (weapon)
Missiles
 k - 19 poisoned darts
Armour
 b - a +0 scale mail (worn)
 c - a +0 buckler (worn)
 j - a +0 pair of boots (worn)
Jewellery
 g - an amulet of the acrobat (around neck)
Scrolls
 e - a scroll of identify {unknown}
Potions
 d - a potion of might
 f - 2 potions of brilliance {unknown}
 h - a potion of cancellation {unknown}
 i - a potion of curing {unknown}


   Skills:
 + Level 3.6 Fighting
 * Level 2.8 Axes
 + Level 3.5 Armour
 + Level 0.1 Dodging
 + Level 4.2 Shields


You had 2 spell levels left.
You didn't know any spells.
Your spell library contained the following spells:

 Spells                   Type           Power      Damage    Failure   Level
 Animate Skeleton         Necr           0%         N/A       75%         1
 Pain                     Necr           0%         1d4       75%         1
 Vampiric Draining        Necr           0%         2d6       98%         3


Dungeon Overview and Level Annotations

Branches:
Dungeon (2/15)

Altars:

Shops:
D:2 *


Innate Abilities, Weirdness & Mutations

You cannot be hasted, slowed, berserked, paralysed or teleported.
You can dig through walls and to a lower floor.
You have a pair of large antennae on your head. (SInv)
Your four strong arms can wield two-handed weapons with a shield.


Message History

The dart slug launches a dart at you. You block the slug dart.
Found 12 poisoned darts.
The dart slug launches a dart at you. The slug dart hits you.
You slash the dart slug!
The dart slug is severely wounded.
The dart slug launches a dart at you. The slug dart hits you.
You hit the dart slug.
The dart slug is almost dead.
The dart slug barely misses you.
You slash the dart slug!
You kill the dart slug!
No target in view!
A hobgoblin comes into view.
The hobgoblin shouts!
You hear a shout!
An ogre comes into view. It is wielding a +0 giant club.
The ogre shouts!
A ball python comes into view.
The ogre misses you.
You barely miss the ogre. You closely miss the hobgoblin.
The ball python hisses angrily.
The ogre hits you with a +0 giant club!
The hobgoblin hits you but does no damage.
You feel very mighty all of a sudden. You block the hobgoblin's attack.
The ogre barely misses you.
You barely miss the ogre. You barely miss the hobgoblin.
The hobgoblin hits you but does no damage.
The ogre barely misses you.
You slash the ogre!
The ogre is moderately wounded.
You slash the hobgoblin!
You kill the hobgoblin!
You block the ogre's attack.
You slash the ogre!
The ogre is almost dead.
The ogre hits you with a +0 giant club!
Ouch! That really hurt!
You die...

#.....#
##.....#
......###
#.......##
........## ##
........#
...#..#....(..#
#...SO@......#
##.####.....##
##.....##
#.......#
#.......#
#.......#
>#######.....##
.........$..##
#.
.######.#####


You could see an ogre and a ball python.

Vanquished Creatures
  2 worms
  2 dart slugs
  5 bats (D:1)
  2 endoplasms
  4 goblins
  2 hobgoblins
  4 jackals (D:1)
  2 kobolds (D:1)
  4 ball pythons (D:1)
  5 rats
32 creatures vanquished.

Notes
Turn   | Place    | Note
-------+----------+-------------------------------------------
     0 | D:1      | a11behringer the Formicid Fighter began the quest for the
                  | Orb.
     0 | D:1      | Reached XP level 1. HP: 18/18 MP: 1/1
   147 | D:1      | Reached XP level 2. HP: 21/23 MP: 2/2
   344 | D:1      | Reached skill level 4 in Shields
   457 | D:1      | Reached XP level 3. HP: 23/29 MP: 3/3
  1150 | D:2      | Found Ixegorch's Assorted Antiques.
  1203 | D:2      | Noticed an ogre
  1209 | D:2      | Slain by an ogre

Illustrated notes

Levels and vault maps discovered:
D:1:      minmay_arrival_four_loops, layout_loops_ring, nicolae_wormholes
D:2:      layout_rooms, serial_shops, nicolae_shop_stone,
          kennysheep_another_room

Skill      XL: |  1  2 |
---------------+-------+-----
Shields        | 4 |  4.2
Fighting       | |  3.6
Axes           | |  2.8
Armour         | |  3.5
Dodging        | |  0.1

Action                   || total
-------------------------++-------
Melee: War axe           ||   103
  Use: Potion            ||     1
Armor: Scale mail        ||    57
Dodge: Dodged            ||    60
Block: Buckler           ||    28

Table legend: (Time is in decaauts)
 A = Elapsed time spent in this place.
 B = Non-inter-level travel time spent in this place.
 C = Inter-level travel time spent in this place.
 D = Time resting spent in this place.
 E = Time spent auto-exploring this place.
 F = Levels seen in this place.
 G = Mean time per level.
                   A        B        C        D        E       F      G
               +--------+--------+--------+--------+--------+-----+--------+
         Total |   1247 |   1157 |     90 |      0 |    897 |   2 |  623.5 |
       Dungeon |   1247 |   1157 |     90 |      0 |    897 |   2 |  623.5 |
               +--------+--------+--------+--------+--------+-----+--------+

Top non-repeatable levels by time:
     D:1: 1164 daAuts
     D:2: 83 daAuts
